 Dungeon Crawl Stone Soup version 0.24.0-1-gfbc8707 (webtiles) character file.

Game seed: 10863774056029328213, levelgen mode: deterministic

94 sanboga the Skirmisher (level 4, -5/29 HPs)
             Began as a Gargoyle Berserker on Nov 6, 2019.
             Was a Believer of Trog.
             Slain by a gnoll
             ... wielding a +0 halberd
              (8 damage)
             ... on level 2 of the Dungeon.
             The game lasted 00:02:15 (1790 turns).

sanboga the Skirmisher (Gargoyle Berserker)         Turns: 1790, Time: 00:02:15

Health: -5/29      AC:  6    Str: 22    XL:     4   Next: 63%
Magic:  4/4        EV: 12    Int:  7    God:    Trog [**....]
Gold:   74         SH:  0    Dex:  9    Spells: 3/3 levels left

rFire    . . .     SeeInvis .   a - +0 hand axe
rCold    . . .     Gourm    .   (no shield)
rNeg     + . .     Faith    .   b - +1 animal skin
rPois    ∞         Spirit   .   (no helmet)
rElec    +         Reflect  .   (no cloak)
rCorr    .         Harm     .   (no gloves)
MR       .....                  (no boots)
Stlth    +.........             (no amulet)
HPRegen  0.09/turn              (no ring)
MPRegen  0.09/turn              (no ring)

@: berserk cooldown, slowed, very slow
A: negative energy resistance 1, electricity resistance, unbreathing,
petrification resistance, rot immunity, AC +3
a: Berserk, Trog's Hand, Renounce Religion


You were on level 2 of the Dungeon.
You worshipped Trog.
Trog was pleased with you.
You were not hungry.

You visited 1 branch of the dungeon, and saw 2 of its levels.

You collected 74 gold pieces.

Inventory:

Hand Weapons
 a - a +0 hand axe (weapon)
Armour
 b - a +1 animal skin (worn)
 h - a +0 helmet
Wands
 e - a wand of flame (9)
Scrolls
 f - 2 scrolls of immolation {unknown}
Potions
 g - a potion of heal wounds {unknown}
Comestibles
 c - 4 rations
 d - 13 chunks of flesh


   Skills:
 + Level 4.0 Fighting
 * Level 3.9 Axes
 + Level 3.1 Armour
 - Level 1.5 Dodging


You had 3 spell levels left.
You didn't know any spells.
Your spell library was empty.

Dungeon Overview and Level Annotations

Branches:
Dungeon (2/15)

Altars:
Elyvilon
Uskayaw
Zin
The Shining One


Innate Abilities, Weirdness & Mutations

You are resistant to torment.
Your stone body is resilient. (AC +3)
You are immune to poison.
You resist negative energy. (rN+)
You are resistant to electric shocks. (rElec)
You can survive without breathing.
You are immune to petrification.
You are immune to rotting.


Message History

The gnoll hits you with a +0 halberd!
* * * LOW HITPOINT WARNING * * *
You are too injured to fight recklessly!
You are too injured to fight recklessly!
You are too injured to fight recklessly!
You are too injured to fight recklessly!
You are too injured to fight recklessly!
You are too injured to fight recklessly!
You are too injured to fight recklessly!
You are too injured to fight recklessly!
You are too injured to fight recklessly!
You are too injured to fight recklessly!
You are too injured to fight recklessly!
You barely miss the gnoll.
The gnoll is almost dead.
The gnoll barely misses you.
You hit the gnoll but do no damage.
The gnoll is almost dead.
The gnoll barely misses you. The gnoll hits you with a +0 halberd!
You die...

.... ##..... ##
..... (# .... .#
... .# #.###.##
###.##.g.#
#...).@#
#######.#.##...#
..........#...##
######)###.###
P. #####.# .. ..
#.....#.#. .#
#)#####.#. .
##.## # #. #
##)..# #


You could see a gnoll.

Vanquished Creatures
  A gnoll (D:2)
  2 adders (D:2)
  2 worms (D:2)
  A dart slug (D:1)
  2 leopard geckos
  4 orcs (D:2)
  6 bats
  A giant cockroach (D:2)
  6 goblins
  2 hobgoblins (D:1)
  4 jackals (D:1)
  A quokka (D:2)
  7 frilled lizards
  6 kobolds
  10 rats
55 creatures vanquished.

Notes
Turn   | Place    | Note
-------+----------+-------------------------------------------
     0 | D:1      | sanboga the Gargoyle Berserker began the quest for the Orb.
     0 | D:1      | Reached XP level 1. HP: 14/14 MP: 1/1
    61 | D:1      | Reached XP level 2. HP: 12/19 MP: 2/2
   866 | D:1      | Reached XP level 3. HP: 23/23 MP: 3/3
   959 | D:1      | Reached ** piety under Trog
  1357 | D:2      | Found a hide-covered altar of Uskayaw.
  1576 | D:2      | Reached XP level 4. HP: 28/29 MP: 4/4
  1650 | D:2      | Found a white marble altar of Elyvilon.
  1651 | D:2      | Found a glowing silver altar of Zin.
  1652 | D:2      | Found a glowing golden altar of the Shining One.
  1764 | D:2      | Reached skill level 4 in Fighting
  1790 | D:2      | Slain by a gnoll

Levels and vault maps discovered:
D:1:      dpeg_arrival_ratfight, layout_basic, serial_rivers,
          chequers_serial_rivers_room_b, chequers_serial_rivers_small_a,
          chequers_serial_rivers_micro_b, chequers_serial_rivers_small_b
D:2:      layout_loops_ring, good_gods_temple_1, old_standard_altar,
          first_ration, fedhas_altar_1

Skill      XL: |  1  2  3  4 |
---------------+-------------+-----
Axes           | 3 |  3.9
Armour         | 3 |  3.1
Fighting       | 4 |  4.0
Dodging        | |  1.5

Action                   |  1- 3 |  4- 6 || total
-------------------------+-------+-------++-------
Melee: Hand axe          |   140 |    53 ||   193
Invok: Berserk           |     1 |     1 ||     2
  Use: Scroll            |     6 |       ||     6
  Eat: Chunk             |     3 |     2 ||     5
Armor: Animal skin       |    61 |    17 ||    78
Dodge: Dodged            |   108 |    35 ||   143
